 Dungeon Crawl Stone Soup version 0.26-a0-810-ge1a9524b62 (webtiles) character file.

Game seed: 5770628997389858586

10 lunkers the Chiller (level 2, -6/19 HPs)
             Began as a Barachi Ice Elementalist on Nov 12, 2020.
             Killed from afar by a dart slug (8 damage)
             ... with a slug dart
             ... on level 1 of the Dungeon.
             The game lasted 00:00:29 (93 turns).

lunkers the Chiller (Barachi Ice Elementalist)        Turns: 93, Time: 00:00:29

Health: -6/19      AC:  2    Str:  9    XL:     2   Next: 20%
Magic:  0/5        EV: 12    Int: 15    God:
Gold:   0          SH:  0    Dex: 12    Spells: 4/5 levels left

rFire    . . .     SeeInvis .   (no weapon)
rCold    . . .     Faith    .   (no shield)
rNeg     . . .     Spirit   .   a - +0 robe
rPois    .         Reflect  .   (no helmet)
rElec    .         Harm     .   (no cloak)
rCorr    .         Rampage  .   (no gloves)
MR       .....                  (no boots)
Stlth    ++........             (no amulet)
HPRegen  0.06/turn              (no ring)
MPRegen  0.09/turn              (no ring)

@: slow
A: +LOS, swims, slowness 1, strong legs 1
a: Hop


You were on level 1 of the Dungeon.
You visited 1 branch of the dungeon, and saw 1 of its levels.

Inventory:

Missiles
 d - 11 poisoned darts (quivered)
Armour
 a - a +0 robe (worn)
Scrolls
 b - a scroll of amnesia {unknown}
 c - a scroll of identify {unknown}


   Skills:
 - Level 2.1 Dodging
 - Level 1.7 Stealth
 + Level 2.4 Spellcasting
 * Level 5.2 Ice Magic


You had 4 spell levels left.
You knew the following spells:

 Your Spells              Type           Power        Failure   Level
a - Freeze                Ice            ###.         2%          1

Your spell library contained the following spells:

 Spells                   Type           Power        Failure   Level
 Frozen Ramparts          Ice            ###...       8%          3
 Ozocubu's Armour         Ice            ###.....     8%          3
 Hailstorm                Conj/Ice       #.......     56%         4
 Summon Ice Beast         Ice/Summ       #.......     56%         4


Dungeon Overview and Level Annotations

Branches:
Dungeon (1/15)

Altars:


Innate Abilities, Weirdness & Mutations

You can be seen from farther away. (+LOS)
You can swim through water.
You cover ground slowly.
You can hop short distances.


Message History

You kill the kobold!
* * * LOW MAGIC WARNING * * *
d - 14 poisoned darts Throwing (i - inventory)
d - 14 poisoned darts (quivered)
Press: ? - help, Shift-Dir - straight line, f - dart slug
Aim: a dart slug You throw a poisoned dart.
The poisoned dart hits the dart slug.
Throwing (i - inventory)
d - 13 poisoned darts (quivered)
Press: ? - help, Shift-Dir - straight line, f/p - dart slug
Aim: a dart slug You throw a poisoned dart.
The poisoned dart completely misses the dart slug.
Throwing (i - inventory)
d - 12 poisoned darts (quivered)
Press: ? - help, Shift-Dir - straight line, f/p - dart slug
Aim: a dart slug You throw a poisoned dart.
The poisoned dart barely misses the dart slug.
The dart slug launches a dart at you. The slug dart hits you!
You die...

###<####...#.......##........
#>#.#.##.#.#.......##......#
#♣.....♣#.#.........##......#
#≈♣...♣≈#...........##......#
#≈≈♣.♣≈≈#............#$.....###
#≈≈♣.♣≈≈#............#.........
##≈♣.♣≈##....>.......).........
..####'#####...†..##.#####.......
#.........[....@w(.....(........
...#########...[..###†...........
. #......# #.........### ####...#
#............ ##### #...!........
.......#...... ........###....
.........# .... ########## ...


You could see a dart slug.

Vanquished Creatures
  An ooze (D:1)
  2 bats (D:1)
  A kobold (D:1)
  A ball python (D:1)
  A rat (D:1)
6 creatures vanquished.

Notes
Turn   | Place    | Note
-------+----------+-------------------------------------------
     0 | D:1      | lunkers the Barachi Ice Elementalist began the quest for
                  | the Orb.
     0 | D:1      | Reached XP level 1. HP: 13/13 MP: 3/3
    64 | D:1      | Reached skill level 5 in Ice Magic
    77 | D:1      | Reached XP level 2. HP: 15/19 MP: 0/5
    93 | D:1      | Killed from afar by a dart slug

Illustrated notes

Levels and vault maps discovered:
D:1:      saegor_arrival_simple_d, layout_basic

Skill      XL: |  1 |
---------------+----+-----
Ice Magic      | 5 |  5.2
Dodging        | |  2.1
Stealth        | |  1.7
Spellcasting   | |  2.4

Action                   || total
-------------------------++-------
Melee: Unarmed           ||    11
Throw: Dart              ||     3
 Cast: Freeze            ||     7
Armor: Robe              ||     1
Dodge: Dodged            ||    11

Table legend: (Time is in decaauts)
 A = Elapsed time spent in this place.
 B = Non-inter-level travel time spent in this place.
 C = Inter-level travel time spent in this place.
 D = Time resting spent in this place.
 E = Time spent auto-exploring this place.
 F = Levels seen in this place.
 G = Mean time per level.
                   A        B        C        D        E       F      G
               +--------+--------+--------+--------+--------+-----+--------+
         Total |    102 |    102 |      0 |      0 |     49 |   1 |  102.0 |
       Dungeon |    102 |    102 |      0 |      0 |     49 |   1 |  102.0 |
               +--------+--------+--------+--------+--------+-----+--------+

Top non-repeatable levels by time:
     D:1: 102 daAuts
